 Dungeon Crawl Stone Soup version 0.23.2 (webtiles) character file.

Game seed: 5195642145327646808

16 Menchi the Magician (level 2, -3/15 HPs)
             Began as a Tengu Wanderer on Apr 2, 2019.
             Slain by a hobgoblin (4 damage)
             ... on level 1 of the Dungeon.
             The game lasted 00:07:54 (1313 turns).

Menchi the Magician (Tengu Wanderer)                Turns: 1313, Time: 00:07:54

Health: -3/15      AC:  2    Str: 11    XL:     2   Next: 58%
Magic:  11/11      EV: 12    Int: 14    God:
Gold:   38         SH:  0    Dex: 12    Spells: 14/15 levels left

rFire    . . .     SeeInvis .   a - +0 dagger
rCold    . . .     Gourm    .   (no shield)
rNeg     . . .     Faith    .   c - +0 robe
rPois    .         Spirit   .   (helmet restricted)
rElec    .         Reflect  .   (no cloak)
rCorr    .         Harm     .   (no gloves)
MR       .....                  (boots unavailable)
Stlth    ++........             (no amulet)
HPRegen  0.05/turn              (no ring)
MPRegen  0.12/turn              (no ring)

@: no status effects
A: beak, talons 3
a: no special abilities


You were on level 1 of the Dungeon.
You were not hungry.

You visited 1 branch of the dungeon, and saw 1 of its levels.

You collected 38 gold pieces.

Inventory:

Hand Weapons
 a - a +0 dagger (weapon)
Armour
 c - a +0 robe (worn)
Scrolls
 b - 2 scrolls of teleportation
 d - a scroll of immolation {unknown}
 h - a scroll of enchant weapon {unknown}
Potions
 e - 2 potions of flight {unknown}
Comestibles
 f - 2 rations
 g - a chunk of flesh


   Skills:
 + Level 1.5 Dodging
 - Level 1.0 Stealth
   Level 1.0 Shields
 + Level 7.1 Spellcasting
   Level 1.1 Necromancy


You had 14 spell levels left.
You knew the following spells:

 Your Spells              Type           Power        Failure   Level  Hunger
a - Magic Dart            Conj           #...         14%         1    None

Your spell library contained the following spells:

 Spells                   Type           Power        Failure   Level  Hunger
 Blink                    Tloc           N/A          22%         2    None
 Call Imp                 Summ           #.......     22%         2    None
 Slow                     Hex            #.......     22%         2    None
 Conjure Flame            Conj/Fire      #.......     38%         3    ##.....
 Mephitic Cloud           Conj/Pois/Air  #.......     38%         3    ##.....


Dungeon Overview and Level Annotations

Branches:
Dungeon (1/15)

Altars:


Innate Abilities, Weirdness & Mutations

You have a beak for a mouth.
You have claws for feet.


Message History

The hobgoblin hits you.
You barely miss the hobgoblin. The hobgoblin hits you.
You hit the hobgoblin.
The hobgoblin is heavily wounded.
The hobgoblin hits you.
You closely miss the hobgoblin. You claw the hobgoblin.
Your peck misses the hobgoblin.
The hobgoblin is severely wounded.
The hobgoblin barely misses you.
You closely miss the hobgoblin.
The hobgoblin is severely wounded.
The hobgoblin hits you.
You barely miss the hobgoblin.
The hobgoblin is severely wounded.
The hobgoblin hits you.
* * * LOW HITPOINT WARNING * * *
You hit the hobgoblin but do no damage.
The hobgoblin is severely wounded.
The hobgoblin hits you.
You die...

#.##.###.#.###.# #.# #.#
#..#.#...##.##.# #.# #.#
#..##.####..##.# #.# #.#
..#.#..#..####.# #.# #.#
.##.##.###..##.# #.# #.#
#.##...##.#<##.#########.###.#
##############...............#
########################.#####
................@g.....#.....#
############################.###
#..............................#
#.#######..#################.#.#
#.# #..#.................#.# #.#
#..#.#################.# #.#
#..#.# #.# #.# #..#.# #.# #.#
#..#.# #.#


You could see a hobgoblin.

Vanquished Creatures
  2 giant cockroaches (D:1)
  A goblin (D:1)
  4 hobgoblins (D:1)
  2 bats (D:1)
  3 frilled lizards (D:1)
  3 kobolds (D:1)
  A rat (D:1)
16 creatures vanquished.

Notes
Turn   | Place    | Note
-------+----------+-------------------------------------------
     0 | D:1      | Menchi the Tengu Wanderer began the quest for the Orb.
     0 | D:1      | Menchi set off with the following items: a +0 dagger, 2
                  | scrolls of teleportation, a +0 robe, a ration; and the
                  | following spell memorised: Magic Dart; and the following
                  | spells available to memorise: Blink, Call Imp, Slow,
                  | Conjure Flame, Mephitic Cloud
     0 | D:1      | Reached XP level 1. HP: 10/10 MP: 9/9
    65 | D:1      | Noticed a big kobold
    65 | D:1      | Noticed a big kobold
    65 | D:1      | Noticed a big kobold
    75 | D:1      | Noticed a big kobold
   595 | D:1      | Reached skill level 1 in Dodging
   595 | D:1      | Reached XP level 2. HP: 15/15 MP: 3/11
  1313 | D:1      | Slain by a hobgoblin

Skill      XL: |  1 |
---------------+----+-----
Dodging        | 1 |  1.5
Stealth        | |  1.0
Shields        | |  1.0
Spellcasting   | |  7.1
Necromancy     | |  1.1

Action                   || total
-------------------------++-------
Melee: Dagger            ||    34
       Kick              ||     8
       Peck              ||     1
 Cast: Magic Dart        ||    28
  Eat: Chunk             ||     1
Armor: Robe              ||     5
Dodge: Dodged            ||    24
